 Dungeon Crawl Stone Soup version 0.28.0-1-gb440e238dd (webtiles) character file.

Game seed: 4755099882598209614

729 Ablot the Grasshopper (level 7, 0/56 HPs)
             Began as a Gnoll Warper on Feb 27, 2022.
             Killed from afar by Dowan (17 damage)
             ... with a shard of ice
             ... on level 5 of the Dungeon.
             The game lasted 00:07:43 (5367 turns).

Ablot the Grasshopper (Gnoll Warper)                Turns: 5367, Time: 00:07:44

Health: 0/56       AC:  4    Str: 13    XL:     7   Next: 73%
Magic:  15/15      EV: 13    Int: 12    God:
Gold:   174        SH:  5    Dex: 11    Spells: 15/17 levels left

rFire   . . .      SeeInvis .   a - +0 spear (vorpal)
rCold   . . .      Faith    .   (no shield)
rNeg    . . .      Spirit   .   b - +0 leather armour
rPois   .          Reflect  +   (no helmet)
rElec   .          Harm     .   (no cloak)
rCorr   .          Rampage  .   (no gloves)
Will    +....                   h - +0 pair of boots
Stlth   ++........              j - amulet of reflection
HPRegen 0.18/turn               r - ring of willpower
MPRegen 0.14/turn               (no ring)

@: no status effects
A: fangs 1, strong nose, distributed training
a: no special abilities


You were on level 5 of the Dungeon.
You visited 1 branch of the dungeon, and saw 5 of its levels.

You collected 174 gold pieces.

Inventory:

Hand Weapons
 a - a +0 vorpal spear (weapon)
 d - a +1 dagger of venom
Missiles
 f - 40 sling bullets
 i - 115 stones (quivered)
 o - 5 boomerangs of dispersal
 z - 12 bolts
Armour
 b - a +0 leather armour (worn)
 h - a +0 pair of boots (worn)
Jewellery
 j - an amulet of reflection (around neck)
 r - a ring of willpower (left hand)
Wands
 u - a wand of polymorph (3)
 x - a wand of charming (10)
Scrolls
 c - 2 scrolls of blinking
 e - 3 scrolls of identify {unknown}
 g - 2 scrolls of enchant armour {unknown}
 l - a scroll of fog {unknown}
 m - a scroll of enchant weapon {unknown}
 p - 2 scrolls of noise {unknown}
 t - 2 scrolls of teleportation
 y - a scroll of torment {unknown}
Potions
 k - a potion of curing {unknown}
 n - 2 potions of mutation {unknown}
 q - a potion of might
 s - a potion of resistance {unknown}
 v - a potion of cancellation {unknown}
 w - a potion of brilliance {unknown}


   Skills:
 + Level 5.3 Fighting
 + Level 2.6 Short Blades
 + Level 2.6 Long Blades
 + Level 2.6 Axes
 + Level 2.6 Maces & Flails
 + Level 5.3 Polearms
 + Level 2.6 Staves
 + Level 2.6 Slings
 + Level 2.6 Bows
 + Level 2.6 Crossbows
 + Level 3.7 Throwing
 + Level 3.7 Armour
 + Level 5.3 Dodging
 + Level 2.6 Stealth
 + Level 2.6 Shields
 + Level 2.6 Unarmed Combat
 + Level 5.7 Spellcasting
 + Level 2.1 Conjurations
 + Level 2.1 Hexes
 + Level 2.1 Summonings
 + Level 2.1 Necromancy
 + Level 5.9 Translocations
 + Level 2.1 Transmutations
 + Level 2.1 Fire Magic
 + Level 2.1 Ice Magic
 + Level 2.1 Air Magic
 + Level 2.1 Earth Magic
 + Level 2.1 Poison Magic
 + Level 3.0 Invocations
 + Level 2.6 Evocations


You had 15 spell levels left.
You knew the following spells:

 Your Spells              Type           Power      Damage    Failure   Level
a - Blink                 Tloc           34%        N/A       3%          2

Your spell library contained the following spells:

 Spells                   Type           Power      Damage    Failure   Level
 Gell's Gravitas          Tloc           17%        N/A       6%          3
 Lesser Beckoning         Tloc           17%        N/A       6%          3
 Teleport Other           Tloc           17%        N/A       6%          3
 Sandblast                Erth           16%        2d6       10%         1
 Passwall                 Tmut/Erth      6%         N/A       14%         2
 Stone Arrow              Conj/Erth      16%        3d8       28%         3
 Manifold Assault         Tloc           17%        N/A       50%         5


Dungeon Overview and Level Annotations

Branches:
Dungeon (5/15)
 Temple: D:4-7

Altars:

Portals:
Abyss: D:5

Annotations:
D:5 2 transporters, Dowan; Peloso's ghost, novice MiFi; Sigmund


Innate Abilities, Weirdness & Mutations

You have very sharp teeth.
Your uncanny sense of smell can sniff out nearby items.
Your experience applies equally to all skills.


Message History

You closely miss Dowan. Your bite misses Dowan.
Dowan gestures wildly while chanting.
Dowan blinks!
Reach: a) +0 spear (vorpal)
Press: ? - help, Dir - move target, f/p - Dowan
Aim: Dowan, wielding a +0 dagger and wearing a +0 robe (fast, about 47% to evade your +0 vorpal spear)
You reach to attack!
You barely miss Dowan.
Reach: a) +0 spear (vorpal)
Press: ? - help, Dir - move target, f/p - Dowan
Aim: Dowan, wielding a +0 dagger and wearing a +0 robe (fast, about 47% to evade your +0 vorpal spear)
You barely miss Dowan. Dowan misses you.
Reach: a) +0 spear (vorpal)
Press: ? - help, Dir - move target, f/p - Dowan
Aim: Dowan, wielding a +0 dagger and wearing a +0 robe (fast, about 47% to evade your +0 vorpal spear)
You closely miss Dowan. You punch Dowan.
Dowan is lightly wounded.
Dowan hits you but does no damage. You block Dowan's attack.
Reach: a) +0 spear (vorpal)
Press: ? - help, Dir - move target, f/p - Dowan
Aim: Dowan, wielding a +0 dagger and wearing a +0 robe (lightly wounded, fast, about 47% to evade your +0 vorpal spear)
You barely miss Dowan.
Dowan is lightly wounded.
Dowan gestures wildly while chanting.
Dowan blinks!
Reach: a) +0 spear (vorpal)
Press: ? - help, Dir - move target, f - you, p - Dowan That would be overly suicidal.
Okay, then.
You hit Dowan.
Dowan is heavily wounded.
Dowan points at you and mumbles some strange words.
The shard of ice misses you. Dowan barely misses you.
You hit Dowan.
Dowan is heavily wounded.
You block Dowan's attack.
You closely miss Dowan. You bite Dowan, but do no damage.
Dowan is heavily wounded.
Dowan points at you and mumbles some strange words.
The shard of ice hits you!
You die...

#'#................# #...####..##
..............)....# #...#K....##
...................###...##.##..#
.............##'##........##### .
.............#...#............##.
.............#...#.............#.
..######.....#...#........###..##
..#....#.....#..e#.......##$##..#
..#....#.....#.)@#......##..^#.##
..#....'.....#...#......##.#.###.
..#....#.....#...#.......##.##
..#....#.....#...#.......©#.#
..#....#.....#...+........#...#
#####'##.....#...#........# .##
#......#.....#...#.........# #
#......#.....#...#........... .
#......#.....#...#.....o...... .


You could see Dowan (fast).

Vanquished Creatures
  Duvessa (D:5)
  A scorpion (D:4)
  2 water moccasin skeletons (D:5)
  A howler monkey (D:4)
  2 hounds
  3 iguanas
  Ijyb (D:3)
  3 orc wizards
  A hound skeleton (D:4)
  A howler monkey zombie (D:5)
  4 gnolls (D:4)
  5 adders
  A white imp (D:4)
  A worm (D:3)
  2 dart slugs (D:3)
  16 orcs
  7 ball pythons
  2 bats
  6 endoplasms
  2 giant cockroaches
  5 goblins
  5 hobgoblins
  2 jackals (D:4)
  8 kobolds
  4 quokkas
  2 frilled lizards
  A rat (D:1)
89 creatures vanquished.

Notes
Turn   | Place    | Note
-------+----------+-------------------------------------------
     0 | D:1      | Ablot the Gnoll Warper began the quest for the Orb.
     0 | D:1      | Reached XP level 1. HP: 20/20 MP: 6/6
   175 | D:1      | Reached XP level 2. HP: 26/26 MP: 7/7
   178 | D:1      | Learned a level 2 spell: Blink
  1062 | D:2      | Reached skill level 5 in Spellcasting
  1062 | D:2      | Reached XP level 3. HP: 11/31 MP: 7/9
  1489 | D:2      | Reached skill level 1 in Invocations
  1912 | D:3      | Reached skill level 1 in Short Blades
  1912 | D:3      | Reached skill level 1 in Long Blades
  1912 | D:3      | Reached skill level 1 in Axes
  1912 | D:3      | Reached skill level 1 in Maces & Flails
  1912 | D:3      | Reached skill level 1 in Staves
  1912 | D:3      | Reached skill level 1 in Slings
  1912 | D:3      | Reached skill level 1 in Bows
  1912 | D:3      | Reached skill level 1 in Crossbows
  1912 | D:3      | Reached skill level 1 in Stealth
  1912 | D:3      | Reached skill level 1 in Shields
  1912 | D:3      | Reached skill level 1 in Unarmed Combat
  1912 | D:3      | Reached skill level 1 in Evocations
  1941 | D:3      | Reached XP level 4. HP: 29/38 MP: 11/11
  2056 | D:3      | Reached skill level 1 in Conjurations
  2056 | D:3      | Reached skill level 1 in Hexes
  2056 | D:3      | Reached skill level 1 in Summonings
  2056 | D:3      | Reached skill level 1 in Necromancy
  2056 | D:3      | Reached skill level 1 in Transmutations
  2056 | D:3      | Reached skill level 1 in Fire Magic
  2056 | D:3      | Reached skill level 1 in Ice Magic
  2056 | D:3      | Reached skill level 1 in Air Magic
  2056 | D:3      | Reached skill level 1 in Earth Magic
  2056 | D:3      | Reached skill level 1 in Poison Magic
  2339 | D:3      | Noticed Ijyb
  2356 | D:3      | Killed Ijyb
  2357 | D:3      | Reached XP level 5. HP: 35/43 MP: 12/12
  3252 | D:4      | Reached XP level 6. HP: 25/50 MP: 13/13
  3642 | D:4      | Reached skill level 5 in Fighting
  3642 | D:4      | Reached skill level 5 in Polearms
  3642 | D:4      | Reached skill level 5 in Dodging
  4040 | D:4      | Reached XP level 7. HP: 23/56 MP: 15/15
  4565 | D:5      | Entered Level 5 of the Dungeon
  4962 | D:5      | Found a transporter.
  4966 | D:5      | Found a transporter.
  4969 | D:5      | Found a one-way gate to the infinite horrors of the Abyss.
  4969 | D:5      | Noticed Peloso's ghost (novice MiFi)
  5190 | D:5      | Noticed Sigmund
  5239 | D:5      | Noticed Duvessa
  5239 | D:5      | Noticed Dowan
  5354 | D:5      | Killed Duvessa
  5367 | D:5      | Killed from afar by Dowan

Illustrated notes

Levels and vault maps discovered:
D:1:      dpeg_arrival_refuge, layout_loops_ring
D:2:      layout_basic
D:3:      layout_rooms, uniq_ijyb
D:4:      minmay_razor_zed, layout_basic, chequers_serial_rivers_large_a
D:5:      layout_gridville, gammafunk_ghost_abyssal_escape, minivault_14,
          grunt_ministairs_9, uniq_sigmund, uniq_duvessa

Skill      XL: |  1  2  3  4  5  6  7 |
---------------+----------------------+-----
Spellcasting   | 5 |  5.7
Invocations    | 1 2 3 |  3.0
Short Blades   | 1 2 |  2.6
Long Blades    | 1 2 |  2.6
Axes           | 1 2 |  2.6
Maces & Flails | 1 2 |  2.6
Staves         | 1 2 |  2.6
Slings         | 1 2 |  2.6
Bows           | 1 2 |  2.6
Crossbows      | 1 2 |  2.6
Stealth        | 1 2 |  2.6
Shields        | 1 2 |  2.6
Unarmed Combat | 1 2 |  2.6
Evocations     | 1 2 |  2.6
Conjurations   | 1 2 |  2.1
Hexes          | 1 2 |  2.1
Summonings     | 1 2 |  2.1
Necromancy     | 1 2 |  2.1
Transmutations | 1 2 |  2.1
Fire Magic     | 1 2 |  2.1
Ice Magic      | 1 2 |  2.1
Air Magic      | 1 2 |  2.1
Earth Magic    | 1 2 |  2.1
Poison Magic   | 1 2 |  2.1
Throwing       | 3 |  3.7
Armour         | 3 |  3.7
Fighting       | 5 |  5.3
Polearms       | 5 |  5.3
Dodging        | 5 |  5.3
Translocations | |  5.9

Action                   |  1- 3 |  4- 6 |  7- 9 || total
-------------------------+-------+-------+-------++-------
Melee: Spear             |    94 |   142 |   130 ||   366
       Bite              |    14 |    20 |    12 ||    46
       Punch             |     1 |     3 |     7 ||    11
       Dagger            |    32 |    69 |       ||   101
       Unarmed           |       |     1 |       ||     1
Evoke: Wand              |       |       |     1 ||     1
 Stab: Sleeping          |       |     5 |     1 ||     6
       Distracted        |       |     1 |       ||     1
Armor: Leather armour    |    13 |    21 |    12 ||    46
Dodge: Dodged            |    45 |    75 |    55 ||   175
Block: Other             |    20 |    35 |    25 ||    80
       Reflection        |     1 |       |       ||     1
